 Dungeon Crawl Stone Soup version 0.30-a0-870-gc5d4c5acee (webtiles) character file.

Game seed: 9738113797951241373

125 NotreDorf the Grave Robber (level 4, -5/33 HPs)
             Began as a Mummy Necromancer on Mar 11, 2023.
             Was an Initiate of Gozag.
             Slain by Grinder (6 damage)
             ... while paralysed by Grinder
             ... on level 3 of the Dungeon.
             The game lasted 00:08:17 (1846 turns).

NotreDorf the Grave Robber (Mummy Necromancer)      Turns: 1846, Time: 00:08:18

Health: -5/33      AC:  3    Str: 11    XL:     4   Next: 82%
Magic:  9/9        EV:  2    Int: 16    God:    Gozag
Gold:   109        SH:  0    Dex: 12    Spells: 6/10 levels left

rFire   x . .      SeeInvis .    h - +0 mace
rCold   + . .      Faith    +    g - +0 buckler
rNeg    + + +      Spirit   .    a - +0 robe
rPois   ∞          Reflect  .    c - +0 helmet
rElec   .          Rampage  .    (no cloak)
rCorr   .                        (no gloves)
Will    .....                    (no boots)
Stlth   ++                       (no amulet)
HPRegen 0.25/turn                (no ring)
MPRegen 0.11/turn                (no ring)

@: paralysed
A: cold resistance 1, negative energy resistance 3, torment resistance 2, heat
vulnerability 1, in touch with death 1, no potions, faith
a: Renounce Religion, Potion Petition, Call Merchant, Bribe Branch


You were on level 3 of the Dungeon.
You worshipped Gozag.
Gozag was aware of your devotion.
You visited 1 branch of the dungeon, and saw 3 of its levels.

You collected 109 gold pieces.

Inventory:

Hand Weapons
 h - a +0 mace (weapon)
Armour
 a - a +0 robe (worn)
 c - a +0 helmet (worn)
 g - a +0 buckler (worn)
Scrolls
 b - 2 scrolls of vulnerability {unknown}
 d - 2 scrolls of identify {unknown}
 e - a scroll of teleportation {unknown}
 f - 2 scrolls of fear {unknown}
 i - a scroll of amnesia {unknown}
 j - a scroll of enchant armour {unknown}


   Skills:
 + Level 1.8 Fighting
 + Level 1.4 Armour
 - Level 1.5 Dodging
 - Level 1.5 Stealth
 + Level 1.0 Shields
 + Level 3.8 Spellcasting
 + Level 4.5 Necromancy


You had 6 spell levels left.
You knew the following spells:

 Your Spells              Type           Power      Damage    Failure   Level
a - Necrotise             Necr           100%       1d9       3%          1
b - Vampiric Draining     Necr           26%        2d7       11%         3

Your spell library contained the following spells:

 Spells                   Type           Power      Damage    Failure   Level
 Agony                    Necr           26%        N/A       71%         5
 Summon Hydra             Summ           1%         N/A       100%        7
 Sublimation of Blood     Necr           Unusable   N/A       N/A         2
 Wereblood                Tmut           Unusable   N/A       N/A         2
 Animate Dead             Necr           Unusable   N/A       N/A         4

Dungeon Overview and Level Annotations

Branches:
Dungeon (3/15)

Altars:
Gozag

Annotations:
D:3 Grinder


Innate Abilities, Weirdness & Mutations

You are immune to poison.
Your flesh is cold resistant. (rC+)
You are immune to negative energy. (rN+++)
You are immune to unholy pain and torment.
You are vulnerable to heat. (rF-)
You are in touch with the powers of death.
You do not drink.
You have a special connection with the divine. (Faith)


Message History

You hit Grinder but do no damage.
Grinder is lightly wounded.
Grinder closely misses you. Grinder hits you but does no damage.
You hit Grinder but do no damage.
Grinder is lightly wounded.
Grinder barely misses you.
You closely miss Grinder.
Grinder is lightly wounded.
Grinder blinks!
Grinder gestures at you. You resist with significant effort.
Grinder rolls her eyes.
You barely miss Grinder.
Grinder is lightly wounded.
Grinder gestures at you. You resist with significant effort.
You hit Grinder.
Grinder is moderately wounded.
Grinder hits you but does no damage. Grinder hits you!
You closely miss Grinder.
Grinder is moderately wounded.
Grinder hits you.
You are too injured to fight recklessly!
You are too injured to fight recklessly!
You barely miss Grinder.
Grinder is moderately wounded.
Grinder hits you!
* * * LOW HITPOINT WARNING * * *
You barely miss Grinder.
Grinder is moderately wounded.
Grinder closely misses you. x2
There is a stone staircase leading up here.
Grinder gestures at you.
You suddenly lose the ability to move!
You stop ascending the stairs.
Grinder blinks!
Grinder hits you!
* * * LOW HITPOINT WARNING * * *
Grinder hits you.
You die...
Your body crumbles into a pile of gold.

#... ...### #...
....... ####...
#.....# ......
#.....# #..[.
.....# #. #....
.....#...
#....###......#
#........5.#
#.......@..#
#..####.##.#
#.....)..........
####..#####.#####
# .# #


You could see Grinder.

Vanquished Creatures
  Terence (D:2)
  Robin (D:2)
  3 adders (D:2)
  A worm (D:1)
  2 dart slugs (D:1)
  5 endoplasms
  3 giant cockroaches
  11 goblins
  5 hobgoblins
  2 quokkas (D:2)
  3 ball pythons
  5 bats (D:1)
  A frilled lizard (D:1)
  2 kobolds (D:1)
  4 rats
49 creatures vanquished.

Notes
Turn   | Place    | Note
-------+----------+-------------------------------------------
     0 | D:1      | NotreDorf the Mummy Necromancer began the quest for the
                  | Orb.
     0 | D:1      | Reached XP level 1. HP: 13/13 MP: 4/4
   234 | D:1      | Reached XP level 2. HP: 20/20 MP: 4/6
   602 | D:1      | Reached skill level 1 in Fighting
   878 | D:2      | Gained mutation: You are in touch with the powers of death.
                  | [Mummy growth]
   878 | D:2      | Reached XP level 3. HP: 26/26 MP: 1/7
   911 | D:2      | Reached skill level 1 in Armour
   994 | D:2      | Noticed Robin
  1171 | D:1      | Reached XP level 4. HP: 21/32 MP: 1/9
  1247 | D:1      | Learned a level 3 spell: Vampiric Draining
  1279 | D:2      | Killed Robin
  1343 | D:2      | Found a faded altar of an unknown god.
  1407 | D:2      | Noticed Terence
  1418 | D:2      | Killed Terence
  1419 | D:2      | Reached skill level 1 in Shields
  1566 | D:2      | Prayed at the altar of an unknown god.
  1566 | D:2      | Became a worshipper of Gozag Ym Sagoz the Greedy
  1814 | D:3      | Noticed Grinder
  1843 | D:3      | Paralysed by Grinder for 5 turns
  1845 | D:3      | HP: 1/33 [Grinder (7)]
  1846 | D:3      | Slain by Grinder

Illustrated notes

Levels and vault maps discovered:
D:1:      matt_arrival_refuge, layout_rooms
D:2:      layout_rooms, chequers_ecumenical_altar_island,
          minmay_misc_feat_ornament, uniq_robin, uniq_terence
D:3:      layout_basic, mainiacjoe_overflow_brackets, uniq_grinder, uniq_natasha

Skill      XL: |  1  2  3  4 |
---------------+-------------+-----
Spellcasting   | 3 |  3.8
Fighting       | 1 |  1.8
Armour         | 1 |  1.4
Shields        | 1 |  1.0
Dodging        | |  1.5
Stealth        | |  1.5
Necromancy     | |  4.5

Action                     |  1- 3 |  4- 6 || total
---------------------------+-------+-------++-------
  Melee: Unarmed           |    10 |       ||    10
         Punch             |     1 |       ||     1
         Club              |     2 |       ||     2
         Mace              |     9 |    17 ||    26
   Cast: Necrotise         |    66 |    25 ||    91
 Armour: Robe              |     7 |     4 ||    11
  Dodge: Dodged            |    31 |    17 ||    48
  Block: Buckler           |     9 |     4 ||    13

Table legend: (Time is in decaauts)
 A = Elapsed time spent in this place.
 B = Non-inter-level travel time spent in this place.
 C = Inter-level travel time spent in this place.
 D = Time resting spent in this place.
 E = Time spent auto-exploring this place.
 F = Levels seen in this place.
 G = Mean time per level.
                   A        B        C        D        E       F      G
               +--------+--------+--------+--------+--------+-----+--------+
         Total |   1869 |   1834 |     35 |    288 |   1110 |   3 |  623.0 |
       Dungeon |   1869 |   1834 |     35 |    288 |   1110 |   3 |  623.0 |
               +--------+--------+--------+--------+--------+-----+--------+

Top non-repeatable levels by time:
     D:1: 1077 daAuts
     D:2: 751 daAuts
     D:3: 41 daAuts
